 Dungeon Crawl Stone Soup version 0.27.1-1-g398f81649c (webtiles) character file.

Game seed: 15692640826038835444

63 Descartes the Grasshopper (level 3, -1/28 HPs)
             Began as a Palentonga Warper on Sept 12, 2021.
             Slain by a quokka (3 damage)
             ... on level 2 of the Dungeon.
             The game lasted 00:09:37 (2780 turns).

Descartes the Grasshopper (Palentonga Warper)       Turns: 2780, Time: 00:09:38

Health: -1/28      AC:  5    Str: 14    XL:     3   Next: 89%
Magic:  6/6        EV:  8    Int: 13    God:
Gold:   68         SH:  0    Dex: 10    Spells: 4/6 levels left

rFire    . . .     SeeInvis +   a - +0 hand axe
rCold    . . .     Faith    .   (no shield)
rNeg     . . .     Spirit   .   f - +0 ring mail
rPois    .         Reflect  .   (no helmet)
rElec    .         Harm     .   (no cloak)
rCorr    .         Rampage  .   (no gloves)
Will     .....                  (no barding)
Stlth    ..........             (no amulet)
HPRegen  0.09/turn              (no ring)
MPRegen  0.10/turn              (no ring)

@: no status effects
A: large, rugged brown scales 3, see invisible, deformed body, roll 1, armoured
tail
a: Rolling Charge


You were on level 2 of the Dungeon.
You visited 1 branch of the dungeon, and saw 3 of its levels.

You collected 68 gold pieces.

Inventory:

Hand Weapons
 a - a +0 hand axe (weapon)
Missiles
 d - 5 boomerangs of dispersal (quivered)
 g - 69 stones
 h - 64 bolts
 i - 14 sling bullets
 k - a throwing net
Armour
 b - a +0 leather armour
 f - a +0 ring mail (worn)
Scrolls
 c - a scroll of blinking
 e - a scroll of noise {unknown}
 j - a scroll of torment {unknown}
 l - a scroll of teleportation {unknown}
 m - a scroll of amnesia {unknown}
 n - a scroll of fear {unknown}
Potions
 o - a potion of invisibility {unknown}
 p - a potion of heal wounds {unknown}
 q - a potion of berserk rage {unknown}


   Skills:
 - Level 2.0 Fighting
 + Level 2.3 Axes
 - Level 0.6 Throwing
 + Level 1.1 Armour
 - Level 1.5 Dodging
 + Level 2.3 Spellcasting
 + Level 4.3 Translocations


You had 4 spell levels left.
You knew the following spells:

 Your Spells              Type           Power      Damage    Failure   Level
a - Blink                 Tloc           N/A        N/A       13%         2

Your spell library contained the following spells:

 Spells                   Type           Power      Damage    Failure   Level
 Gell's Gravitas          Tloc           6%         N/A       26%         3
 Lesser Beckoning         Tloc           6%         N/A       26%         3
 Teleport Other           Tloc           12%        N/A       26%         3
 Passwall                 Tmut/Erth      0%         N/A       61%         2
 Swiftness                Air            1%         N/A       83%         3
 Manifold Assault         Tloc           12%        N/A       94%         5
 Invisibility             Hex            0%         N/A       100%        6


Dungeon Overview and Level Annotations

Branches:
Dungeon (3/15)

Altars:

Annotations:
D:3 Natasha


Innate Abilities, Weirdness & Mutations

You are completely covered in rugged brown scales. (AC +3, +7% HP)
You have supernaturally acute eyesight. (SInv)
Armour fits poorly on your strangely shaped body.
You can roll at nearby foes to attack.
You have a long armoured tail.


Message History

The quokka bites you but does no damage.
The shadow imp gestures at you. Pain shoots through your body!
Natasha casts a spell at you. The magic dart hits you. The hobgoblin hits you.
The quokka barely misses you.
You barely miss Natasha.
Natasha is heavily wounded.
You hit the shadow imp but do no damage.
You closely miss the quokka. You hit the hobgoblin.
Natasha stares at you and mumbles some strange words.
The magic dart hits you.
* * * LOW HITPOINT WARNING * * *
The shadow imp barely misses you. The quokka misses you.
The hobgoblin hits you.
* * * LOW HITPOINT WARNING * * *
Casting: Blink (safe; 13% risk of failure)
Confirm with . or Enter, or press ? or * to list all spells.
You blink.
The quokka bites you but does no damage.
The quokka twitches its whiskers.
The quokka bites you.
* * * LOW HITPOINT WARNING * * *
There is an open door here.
The quokka barely misses you. The quokka closely misses you.
There is a stone staircase leading up here.
Okay, then.
Natasha mumbles some strange words.
The quokka barely misses you.
You climb upwards.
There is a stone staircase leading down here.
You hit the quokka.
The quokka is heavily wounded.
The quokka barely misses you.
You barely miss the quokka.
The quokka is heavily wounded.
The quokka bites you.
* * * LOW HITPOINT WARNING * * *
The quokka bites you.
You die...

.......##.###..##
#.###
............#.##
#.#..
........#.#.#.#
#.#..
..............#
#######.#..
........#.#.#######
#.......#..
...###............#
#.#######.. ...#
#.....######.# #.#
#.# ...###.#.#.#
##.## #.# #.#
......##.#.#
##@..## #.# #.#
.#######.#.#
##r###.###.# #.#
.#######.#.# #.##
##.##.# #.#
...........# #.#
#.##.# #.#
.##.####.### #.##
##.##.# #.# .##.#
#.# ##.###.....#
#.# ..#.####.#
##...#..### #.#
.........# #####..#
#.# ..#.###### #..#
#.#


You could see a quokka.

Vanquished Creatures
  A hound skeleton (D:2)
  2 worms (D:2)
  2 dart slugs
  4 ball pythons
  5 bats
  3 endoplasms
  5 giant cockroaches
  4 goblins (D:1)
  2 hobgoblins (D:1)
  3 quokkas
  A frilled lizard (D:1)
  3 kobolds (D:1)
  3 rats
38 creatures vanquished.

Notes
Turn   | Place    | Note
-------+----------+-------------------------------------------
     0 | D:1      | Descartes the Palentonga Warper began the quest for the
                  | Orb.
     0 | D:1      | Reached XP level 1. HP: 17/17 MP: 3/3
    11 | D:1      | Found a faded altar of an unknown god.
    37 | D:1      | Reached XP level 2. HP: 8/23 MP: 5/5
   819 | D:1      | Reached skill level 4 in Translocations
  1243 | D:1      | Learned a level 2 spell: Blink
  1277 | D:2      | Reached XP level 3. HP: 28/28 MP: 2/6
  1415 | D:2      | HP: 1/28 [worm (3)]
  2328 | D:2      | Reached skill level 1 in Armour
  2750 | D:3      | Noticed Natasha
  2780 | D:2      | Slain by a quokka

Illustrated notes

Levels and vault maps discovered:
D:1:      scummos_arrival_forest, layout_basic,
          hellmonk_ecumenical_altar_blasted
D:2:      layout_loops_ring
D:3:      layout_loops_corners, uniq_crazy_yiuf_cottage, uniq_natasha

Skill      XL: |  1  2  3 |
---------------+----------+-----
Translocations | 4 |  4.3
Armour         | 1 |  1.1
Fighting       | |  2.0
Axes           | |  2.3
Throwing       | |  0.6
Dodging        | |  1.5
Spellcasting   | |  2.3

Action                   || total
-------------------------++-------
Melee: Hand axe          ||   133
       Tailslap          ||    14
 Cast: Blink             ||    12
 Abil: Rolling Charge    ||    40
Armor: Leather armour    ||     7
       Ring mail         ||    40
Dodge: Dodged            ||    72
